 Dungeon Crawl Stone Soup version 0.29.1-2-gbd0b4ee654 (webtiles) character file.

Game seed: 3236517633440435383

200 LustLizard the Shooter (level 5, 0/42 HPs)
             Began as a Barachi Hunter on Nov 8, 2022.
             Slain by Edmund
             ... wielding a +0 dire flail of protection
              (10 damage)
             ... on level 4 of the Dungeon.
             The game lasted 00:07:40 (3093 turns).

LustLizard the Shooter (Barachi Hunter)             Turns: 3093, Time: 00:07:40

Health: 0/42       AC: 11    Str: 18    XL:     5   Next: 78%
Magic:  8/8        EV: 11    Int:  9    God:
Gold:   228        SH:  0    Dex: 18    Spells: 8/8 levels left

rFire   . . .      SeeInvis .   a - +0 shortbow
rCold   . . .      Faith    .   (shield currently unavailable)
rNeg    . . .      Spirit   .   u - +0 ring mail
rPois   .          Reflect  .   x - +1 helmet
rElec   .          Harm     .   (no cloak)
rCorr   .          Rampage  .   (no gloves)
Will    .....                   (no boots)
Stlth   ++........              (no amulet)
HPRegen 0.14/turn               i - +4 ring of protection
MPRegen 0.11/turn               n - +6 ring of strength

@: slow
A: amphibious, slowness 1, strong legs 1, +LOS
a: Hop


You were on level 4 of the Dungeon.
You visited 1 branch of the dungeon, and saw 5 of its levels.

You collected 228 gold pieces.

Inventory:

Hand Weapons
 a - a +0 shortbow (weapon)
Armour
 c - a +0 leather armour
 s - a +0 helmet
 u - a +0 ring mail (worn)
 w - a +0 chain mail
 x - a +1 helmet (worn)
Jewellery
 i - a +4 ring of protection (left hand)
 n - a +6 ring of strength (right hand)
Wands
 m - a wand of polymorph (9)
Scrolls
 b - 4 scrolls of immolation
 e - 2 scrolls of amnesia {unknown}
 f - 2 scrolls of blinking {unknown}
 l - 2 scrolls of teleportation {unknown}
 o - a scroll of silence {unknown}
 p - a scroll of summoning {unknown}
 r - a scroll of poison {unknown}
 v - a scroll of fear {unknown}
Potions
 g - a potion of mutation
 h - a potion of degeneration
 j - 2 potions of cancellation
 k - a potion of magic {unknown}
 q - 2 potions of brilliance
 t - a potion of heal wounds {unknown}
 z - a potion of resistance {unknown}
 A - a potion of attraction {unknown}
 B - a potion of lignification {unknown}


   Skills:
 + Level 3.7 Fighting
 * Level 5.3 Ranged Weapons
 - Level 2.1 Dodging
 + Level 2.4 Stealth
 + Level 2.1 Spellcasting


You had 8 spell levels left.
You didn't know any spells.
Your spell library contained the following spells:

 Spells                   Type           Power      Damage    Failure   Level
 Gell's Gravitas          Tloc           0%         N/A       87%         3
 Teleport Other           Tloc           0%         N/A       87%         3
 Dispersal                Tloc           0%         N/A       100%        6


Dungeon Overview and Level Annotations

Branches:
Dungeon (5/15)
 Temple: D:4-7

Altars:
Makhleb

Annotations:
D:3 Ijyb
D:4 Edmund


Innate Abilities, Weirdness & Mutations

You are amphibious.
You cover ground slowly.
You can hop short distances.
You have an extended range of vision and can be seen from far away.


Message History

Press: ? - help, Q - select action, (/) - cycle Shift-Dir - straight line, f/p - Edmund
Aim: Edmund, wielding a +0 dire flail of protection and wearing a +0 ring mail (almost dead, 68% to hit)
You shoot an arrow. The arrow hits Edmund.
Edmund is almost dead.
Edmund barely misses you.
Edmund hits you with a +0 dire flail of protection.
* * * LOW HITPOINT WARNING * * *
Fire: a) +0 shortbow
Press: ? - help, Q - select action, (/) - cycle Shift-Dir - straight line, f/p - Edmund
Aim: Edmund, wielding a +0 dire flail of protection and wearing a +0 ring mail (almost dead, 68% to hit)
You shoot an arrow. The arrow barely misses Edmund.
Edmund closely misses you.
Fire: a) +0 shortbow
Press: ? - help, Q - select action, (/) - cycle Shift-Dir - straight line, f/p - Edmund
Aim: Edmund, wielding a +0 dire flail of protection and wearing a +0 ring mail (almost dead, 68% to hit)
You shoot an arrow.
The arrow hits Edmund but does no damage.
Edmund is almost dead.
Edmund hits you with a +0 dire flail of protection.
* * * LOW HITPOINT WARNING * * *
Okay, then.
You feel better.
Edmund hits you with a +0 dire flail of protection!
* * * LOW HITPOINT WARNING * * *
You feel better.
You are ready to hop once more.
Edmund hits you but does no damage.
Fire: a) +0 shortbow
Press: ? - help, Q - select action, (/) - cycle Shift-Dir - straight line, f/p - Edmund
Aim: Edmund, wielding a +0 dire flail of protection and wearing a +0 ring mail (almost dead, 68% to hit)
You shoot an arrow.
The arrow hits Edmund but does no damage.
Edmund is almost dead.
Edmund closely misses you. Edmund barely misses you.
Fire: a) +0 shortbow
Press: ? - help, Q - select action, (/) - cycle Shift-Dir - straight line, f/p - Edmund
Aim: Edmund, wielding a +0 dire flail of protection and wearing a +0 ring mail (almost dead, 68% to hit)
You shoot an arrow. The arrow barely misses Edmund.
Edmund hits you with a +0 dire flail of protection!
You die...

###### ##....# ###
##.....## ###
#..#####.......# ##..
#...........### #...
#.......@@...###### #...
##..#.............########
#...#####.............#..
#..<## #..######........#
##...###.........#....###
###....##.............##...
#....................## ...
#..................### ...
########..........## ...


You could see Edmund.

Vanquished Creatures
  A scorpion (D:4)
  Robin (D:2)
  4 adders
  2 worms (D:3)
  A dart slug (D:1)
  7 endoplasms
  3 giant cockroaches
  13 goblins
  10 hobgoblins
  4 jackals (D:1)
  7 kobolds
  4 quokkas
  9 ball pythons
  7 bats
  5 frilled lizards
  5 rats
83 creatures vanquished.

Notes
Turn   | Place    | Note
-------+----------+-------------------------------------------
     0 | D:1      | LustLizard the Barachi Hunter began the quest for the Orb.
     0 | D:1      | Reached XP level 1. HP: 17/17 MP: 1/1
    18 | D:1      | Reached skill level 1 in Stealth
   112 | D:1      | Reached XP level 2. HP: 23/23 MP: 2/2
   400 | D:1      | Reached XP level 3. HP: 25/28 MP: 4/4
   712 | D:1      | Reached skill level 1 in Spellcasting
   930 | D:2      | Found a faded altar of an unknown god.
   993 | D:2      | Reached XP level 4. HP: 35/35 MP: 6/6
  1226 | D:2      | Noticed Robin
  1241 | D:2      | Killed Robin
  1780 | D:3      | Noticed Ijyb
  1955 | D:3      | Reached XP level 5. HP: 41/41 MP: 7/7
  2091 | D:3      | Reached skill level 5 in Ranged Weapons
  2543 | D:4      | Noticed Edmund
  2680 | D:4      | You fall into a shaft and drop 1 floor!
  2680 | D:5      | Entered Level 5 of the Dungeon
  2715 | D:5      | Noticed an ogre
  2791 | D:4      | Found a burning altar of Makhleb.
  3093 | D:4      | Slain by Edmund

Illustrated notes

Levels and vault maps discovered:
D:1:      matt_arrival_diagonals, layout_basic, st_stairs_13, moated_statue
D:2:      layout_loops_corners, hellmonk_ecumenical_altar_blasted, uniq_robin
D:3:      layout_loops_ring, uniq_ijyb
D:4:      layout_cave_pods, lemuel_tele_altar, uniq_edmund
D:5:      layout_gridville, marbit_many_paths,
          nicolae_overflow_quartered_altars, minitemple,
          minmay_temple_entry_offerings, guppyfry_early_lair_pool

Skill      XL: |  1  2  3  4  5 |
---------------+----------------+-----
Stealth        | 1 2 |  2.4
Spellcasting   | 1 2 |  2.1
Fighting       | 3 |  3.7
Ranged Weapons | 5 |  5.3
Dodging        | |  2.1

Action                   |  1- 3 |  4- 6 || total
-------------------------+-------+-------++-------
 Fire: Shortbow          |    93 |   168 ||   261
Throw: Throwing net      |       |     2 ||     2
 Abil: Hop               |       |     4 ||     4
  Use: Scroll            |       |     5 ||     5
       Potion            |       |     2 ||     2
Armor: Leather armour    |    14 |    14 ||    28
       Ring mail         |       |    14 ||    14
Dodge: Dodged            |    26 |    44 ||    70
